 Dungeon Crawl Stone Soup version 0.23.2-1-ga50397a (webtiles) character file.

Game seed: 2605421947228663619

126 IBeShadow the Firebug (level 4, -1/24 HPs)
             Began as a Deep Elf Fire Elementalist on May 31, 2019.
             Killed from afar by Sigmund (6 damage)
             ... with a magic dart
             ... on level 2 of the Dungeon.
             The game lasted 00:05:59 (3676 turns).

IBeShadow the Firebug (Deep Elf Fire Elementalist)  Turns: 3676, Time: 00:06:00

Health: -1/24      AC:  2    Str:  5    XL:     4   Next: 84%
Magic:  2/10       EV: 18    Int: 21    God:
Gold:   155        SH:  0    Dex: 20    Spells: 3/9 levels left

rFire    . . .     SeeInvis .   b - +0 short sword
rCold    . . .     Gourm    .   (no shield)
rNeg     . . .     Faith    .   a - +0 robe
rPois    .         Spirit   .   (no helmet)
rElec    .         Reflect  .   (no cloak)
rCorr    .         Harm     .   (no gloves)
MR       .....                  (no boots)
Stlth    ++++......             (no amulet)
HPRegen  0.08/turn              (no ring)
MPRegen  0.12/turn              (no ring)

@: agile
A: no striking features
a: no special abilities


You were on level 2 of the Dungeon.
You were not hungry.

You visited 1 branch of the dungeon, and saw 2 of its levels.

You collected 155 gold pieces.

Inventory:

Hand Weapons
 b - a +0 short sword (weapon)
Armour
 a - a +0 robe (worn)
 m - a +0 buckler
Scrolls
 d - 3 scrolls of blinking {unknown}
 e - a scroll of enchant weapon {unknown}
 f - 6 scrolls of identify {unknown}
 h - 2 scrolls of teleportation {unknown}
 k - a scroll of magic mapping {unknown}
 r - a scroll of enchant armour {unknown}
 s - a scroll of remove curse {unknown}
Potions
 g - a potion of curing {unknown}
 i - a potion of haste {unknown}
 j - a potion of invisibility {unknown}
 l - a potion of agility
 o - a potion of degeneration {unknown}
 p - a potion of brilliance {unknown}
 q - 2 potions of lignification {unknown}
Comestibles
 c - 5 rations


   Skills:
 - Level 2.4 Dodging
 - Level 3.3 Stealth
 * Level 1.1 Shields
 - Level 3.0 Spellcasting
 + Level 3.2 Conjurations
 + Level 4.4 Fire Magic


You had 3 spell levels left.
You knew the following spells:

 Your Spells              Type           Power        Failure   Level  Hunger
a - Flame Tongue          Conj/Fire      ###..        2%          1    None
b - Throw Flame           Conj/Fire      ###...       4%          2    ##.....
c - Conjure Flame         Conj/Fire      ###.....     9%          3    ###....

Your spell library contained the following spells:

 Spells                   Type           Power        Failure   Level  Hunger
 Inner Flame              Hex/Fire       ##......     16%         3    ###....
 Sticky Flame             Conj/Fire      ###.....     26%         4    ####...
 Fireball                 Conj/Fire      ###.......   58%         5    ######.


Dungeon Overview and Level Annotations

Branches:
Dungeon (2/15)

Altars:

Annotations:
D:2 Sigmund


Message History

* * * LOW HITPOINT WARNING * * *
Casting: Flame Tongue (safe; 2% risk of failure)
Confirm with . or Enter, or press ? or * to list all spells.
Aiming: Flame Tongue (safe; 2% risk of failure)
Press: ? - help, Shift-Dir - straight line, f/p - Sigmund
Aim: Sigmund, wielding a -1 scythe and wearing a +0 robe (heavily wounded)
The flame tongue hits Sigmund.
Sigmund is heavily wounded.
Sigmund hits you from afar with a cursed -1 scythe.
* * * LOW HITPOINT WARNING * * *
You feel agile all of a sudden.
Sigmund says, "Look into my eyes."
Sigmund points at you and mumbles some strange words.
You resist with some effort.
Sigmund mumbles some strange words.
Sigmund flickers and vanishes!
Deactivating autopickup; reactivate with Ctrl-A.
A magic dart appears from out of thin air!
The magic dart hits you.
You die...

#.######.###....#
#.).............#
############.###...##
##########...##.# #.#
#...##
#.......{.......# #.#
#...##
#.########...##.#####.#
###### #.
#.........##.# #.....
#. #.........##.#
#.#### #.
#...@.....##.# #.# # #.
#...##.#####.# #.# #.
#...##.#####.# #.# #.
##...........# #.#
#.###.####### #.# #.#
#.# #.# #. #.# #.####
#. #.# #.#... #.#
#.#.##


There were no monsters in sight!

Vanquished Creatures
  Terence (D:2)
  4 gnolls (D:2)
  3 worms (D:2)
  3 dart slugs
  2 leopard geckos
  2 giant cockroaches (D:1)
  5 goblins
  3 hobgoblins
  7 kobolds
  A quokka (D:2)
  11 bats
  2 frilled lizards (D:1)
  6 rats
50 creatures vanquished.

Vanquished Creatures (others)
  5 toadstools (D:1)
5 creatures vanquished.

Grand Total: 55 creatures vanquished

Notes
Turn   | Place    | Note
-------+----------+-------------------------------------------
     0 | D:1      | IBeShadow the Deep Elf Fire Elementalist began the quest
                  | for the Orb.
     0 | D:1      | Reached XP level 1. HP: 10/10 MP: 6/6
   230 | D:1      | Reached XP level 2. HP: 8/15 MP: 0/8
   694 | D:1      | Learned a level 2 spell: Throw Flame
  1137 | D:1      | Reached XP level 3. HP: 19/19 MP: 9/9
  1428 | D:2      | Reached skill level 4 in Fire Magic
  1711 | D:2      | Reached XP level 4. HP: 21/24 MP: 0/10
  2303 | D:2      | Noticed Terence
  2667 | D:2      | Killed Terence
  2764 | D:2      | Reached skill level 1 in Shields
  2856 | D:2      | Learned a level 3 spell: Conjure Flame
  3656 | D:2      | Noticed Sigmund
  3676 | D:2      | Killed from afar by Sigmund

Skill      XL: |  1  2  3  4 |
---------------+-------------+-----
Conjurations   | 2 3 |  3.2
Stealth        | 3 |  3.3
Fire Magic     | 4 |  4.4
Shields        | 1 |  1.1
Dodging        | |  2.4
Spellcasting   | |  3.0

Action                   |  1- 3 |  4- 6 || total
-------------------------+-------+-------++-------
Melee: Short sword       |    56 |    57 ||   113
 Cast: Flame Tongue      |    35 |    37 ||    72
       Throw Flame       |     5 |     4 ||     9
  Use: Potion            |       |     1 ||     1
 Stab: Sleeping          |     5 |     1 ||     6
  Eat: Chunk             |     3 |     6 ||     9
Armor: Robe              |     9 |    19 ||    28
Dodge: Dodged            |    56 |    63 ||   119
